Match 41782757
Unlisted

Match 41782757
End
Construct Infanterie Kompanie
Selects Luftwaffe Battlegroup
Selects Luftwaffe Pioneer Support
Fallschirmpioneer Squad Paradrop
Fallschirmpioneer Squad Paradrop
MG 42 Machine Gun Team
Selects Stuka Strafing Run
Infanterie Officer Quarters
Selects Fallschirmjäger Squad Paradrop
Fallschirmjäger Squad Paradrop
Fallschirmjäger Squad Paradrop
Construct Panzergrenadier Kompanie
Fallschirmjäger Squad Paradrop
Pak 40 Anti-tank Gun Team
Construct Panzer Kompanie
Selects Stuka Loiter
Grenadier Squad
Panzer IV Medium Tank
Stuka Loiter
Pak 40 Anti-tank Gun Team
Panzer IV Medium Tank
Selects Flak 38 Anti-Air Emplacement
Selects Flak 36 Anti-tank Gun Emplacement
Pak 40 Anti-tank Gun Team
Stoßtruppen Squad
Panzer IV Medium Tank
Stuka Loiter
Stoßtruppen Squad
Panzer IV Medium Tank
Stuka Loiter
Side Skirts
Stuka Strafing Run
Stoßtruppen Squad
Stuka Strafing Run
Pak 40 Anti-tank Gun Team
Hawake
leonidas
Elbehiri
Zingo Elzengy
STALKER4732
SoyaLors
ezh
Devochkin
0
0

Comments sign in to comment!

No comments posted yet!